 Dungeon Crawl Stone Soup version 0.29-a0-121-g8efb068a30 (webtiles) character file.

Game seed: 12685025668154111468

282 EiAlmux the Conjurer (level 6, -4/29 (32) HPs)
             Began as a Deep Elf Conjurer on Feb 20, 2022.
             Was an Initiate of Vehumet.
             Slain by a wight (6 damage)
             ... on level 6 of the Dungeon.
             The game lasted 00:09:12 (4636 turns).

EiAlmux the Conjurer (Deep Elf Conjurer)            Turns: 4636, Time: 00:09:12

HP:   -4/29 (32)    AC:  3    Str:  4    XL:     6   Next: 6%
MP:   8/15          EV: 12    Int: 25    God:    Vehumet [......]
Gold: 267           SH:  0    Dex: 13    Spells: 11/14 levels left

rFire   . . .      SeeInvis .   b - +0 dagger
rCold   . . .      Faith    .   (no shield)
rNeg    . . .      Spirit   .   d - +0 leather armour
rPois   .          Reflect  .   (no helmet)
rElec   .          Harm     .   (no cloak)
rCorr   .          Rampage  .   (no gloves)
Will    .....                   (no boots)
Stlth   ++........              (no amulet)
HPRegen 0.09/turn               (no ring)
MPRegen 0.14/turn               (no ring)

@: drained
A: no striking features
a: Renounce Religion


You were on level 6 of the Dungeon.
You worshipped Vehumet.
Vehumet was noncommittal.
You visited 2 branches of the dungeon, and saw 8 of its levels.

You collected 267 gold pieces.

Inventory:

Hand Weapons
 b - a +0 dagger (weapon)
Armour
 a - a +0 robe
 d - a +0 leather armour (worn)
Magical Staves
 r - a staff of cold
 v - a staff of air
Jewellery
 o - a ring of willpower
Scrolls
 c - a scroll of vulnerability
 e - a scroll of summoning {unknown}
 f - 2 scrolls of teleportation
 g - a scroll of enchant armour {unknown}
 j - a scroll of magic mapping {unknown}
 k - a scroll of acquirement {unknown}
 n - a scroll of noise {unknown}
 p - a scroll of fog {unknown}
 q - a scroll of holy word {unknown}
 s - a scroll of blinking {unknown}
 t - a scroll of identify {unknown}
 u - a scroll of amnesia {unknown}
Potions
 h - 2 potions of cancellation {unknown}
 i - 2 potions of degeneration {unknown}
 l - a potion of resistance {unknown}
 m - 2 potions of brilliance {unknown}


   Skills:
 + Level 0.2 Fighting
 * Level 5.2 Dodging
 - Level 4.0 Stealth
 + Level 4.8 Spellcasting
 + Level 5.3 Conjurations


You had 11 spell levels left.
You knew the following spells:

 Your Spells              Type           Power      Damage    Failure   Level
a - Magic Dart            Conj           100%       1d8       1%          1
b - Searing Ray           Conj           64%        2d6       2%          2

Your spell library contained the following spells:

 Spells                   Type           Power      Damage    Failure   Level
 Summon Small Mammal      Summ           24%        N/A       16%         1
 Dazzling Flash           Conj/Hex       38%        N/A       16%         3
 Call Canine Familiar     Summ           6%         N/A       41%         3
 Summon Guardian Golem    Hex/Summ       6%         N/A       41%         3
 Fulminant Prism          Conj/Hex       9%         3d7       45%         4
 Iskenderun's Mystic Bla  Conj/Tloc      19%        2d6       45%         4


Dungeon Overview and Level Annotations

Branches:
Dungeon (7/15)             Temple (1/1) D:4

Altars:
Cheibriados
Elyvilon
Gozag
Hepliaklqana
Makhleb
Qazlal
Ru
Trog
Uskayaw
Vehumet
The Shining One

Shops:
D:3 [[[(*

Annotations:
D:4 exclusion: iguana, Grinder


Message History

Magic restored.
Things that are here:
a +0 mace; a +0 robe A phantom comes into view.
Found a club.
Found a stone staircase leading up. 2 wights come into view.
A wight is wielding a +5 short sword of freezing.
Found four items.
Casting: Searing Ray (safe; 2% risk of failure)
Confirm with . or Enter, or press ? or * to list all spells.
Aiming: Searing Ray (safe; 2% risk of failure)
Press: ? - help, Shift-Dir - straight line, f - wight
Aim: a wight, wielding a +5 short sword of freezing and wearing a +0 robe (81% to hit)
The searing ray hits the wight!
The wight is heavily damaged. (Press . to maintain the ray.)
The searing ray hits the wight.
The wight is severely damaged.
The wight completely misses you.
The searing ray hits the wight.
The wight is severely damaged.
The wight hits you with a +5 short sword of freezing!
You feel drained. The wight freezes you.
The searing ray misses the wight.
You finish channelling your searing ray.
The wight hits you with a +5 short sword of freezing.
The wight freezes you.
Casting: Searing Ray (safe; 2% risk of failure)
Confirm with . or Enter, or press ? or * to list all spells.
Aiming: Searing Ray (safe; 2% risk of failure)
Press: ? - help, Shift-Dir - straight line, f/p - wight
Aim: a wight, wielding a +5 short sword of freezing and wearing a +0 robe (severely damaged, 81% to hit)
The searing ray hits the wight.
The wight is almost destroyed. (Press . to maintain the ray.)
The wight hits you with a +5 short sword of freezing!
* * * LOW HITPOINT WARNING * * *
You feel drained.
You die...

#.########.# ...
#........#.#.......#.#
########...#.....z.#.#
#......._.....
#.#.#.=...$.# #...#
......# #...# ....
#...####.####.? ##
#....@z.......# ..
#.######).#.<.. #.#)#
..# # #...# ..# #.###
).# ..# $.. .).. ....
###. .[.. #


You could see a wight.

Vanquished Creatures
  A wight (D:6)
  3 orc priests
  An orc wizard (D:3)
  A hound zombie (D:5)
  3 adders
  An ufetubus (D:4)
  2 worms
  2 dart slugs
  6 orcs
  7 ball pythons
  7 endoplasms
  A giant cockroach (D:2)
  7 goblins
  8 hobgoblins
  3 jackals (D:2)
  4 quokkas
  4 kobolds (D:1)
  3 rats
64 creatures vanquished.

Notes
Turn   | Place    | Note
-------+----------+-------------------------------------------
     0 | D:1      | EiAlmux the Deep Elf Conjurer began the quest for the Orb.
     0 | D:1      | Reached XP level 1. HP: 10/10 MP: 6/6
   251 | D:1      | Reached XP level 2. HP: 15/15 MP: 5/8
   287 | D:1      | Learned a level 2 spell: Searing Ray
  1153 | D:2      | Reached XP level 3. HP: 19/19 MP: 2/9
  1940 | D:2      | Found a faded altar of an unknown god.
  2190 | D:3      | Found Roocweta's Assorted Antiques.
  2302 | D:3      | Found Capt's Weapon Shop.
  2450 | D:3      | Found Ymugiamai's Antique Armour Emporium.
  2453 | D:3      | Found Asoitt's Armour Shoppe.
  2653 | D:3      | Reached XP level 4. HP: 19/24 MP: 6/11
  2951 | D:3      | Found Raja's Antique Armour Emporium.
  3308 | D:4      | Noticed a steam dragon
  3494 | D:4      | Reached skill level 5 in Conjurations
  3494 | D:4      | Reached XP level 5. HP: 28/28 MP: 7/13
  3636 | D:4      | Found a staircase to the Ecumenical Temple.
  3645 | Temple   | Entered the Ecumenical Temple
  3704 | Temple   | Became a worshipper of Vehumet
  4040 | D:4      | Noticed Grinder
  4040 | D:4      | Paralysed by Grinder for 7 turns
  4091 | D:5      | Entered Level 5 of the Dungeon
  4183 | D:5      | Reached skill level 5 in Dodging
  4321 | D:5      | You fall into a shaft and drop 2 floors!
  4531 | D:5      | Found an opulent altar of Gozag.
  4571 | D:6      | Found a stormy altar of Qazlal.
  4585 | D:6      | Reached XP level 6. HP: 32/32 MP: 10/15
  4636 | D:6      | Slain by a wight

Illustrated notes

Levels and vault maps discovered:
D:1:      psy_arrival_terrarium, layout_basic
D:2:      layout_basic, ebering_ecumenical_altar_rust, interstate_on_off,
          serial_bayou_pond_d
D:3:      layout_loops_ring, serial_shops, shop, nicolae_shop_stone,
          shop_statue, shop_coins, nicolae_shop_hallway_stairs,
          kennysheep_pointless_box
D:4:      cheibrodos_helix_gallery, layout_basic,
          nemelex_xobeh_ov_fountains_minmay, minmay_temple_entry_wispy,
          minmay_bisected, uniq_grinder
D:5:      layout_loops_ring, nicolae_overflow_hidden_temple,
          kennysheep_generic_room_4
D:6:      layout_loops_ring, old_standard_altar,
          mainiacjoe_overflow_six_doors_small, marbit_many_paths,
          kiku_gazebo_garden_becter
D:7:      kennysheep_big_flooded_room, layout_basic,
          lemuel_mausoleum_altar_yredelemnul, ashenzari_conservatory_becter,
          kennysheep_cross_room
Temple:   compressed_dpeg_triangle_lava_temple

Skill      XL: |  1  2  3  4  5 |
---------------+----------------+-----
Stealth        | 3 4 |  4.0
Dodging        | 3 4 5 |  5.2
Spellcasting   | 4 |  4.8
Conjurations   | 5 |  5.3
Fighting       | |  0.2

Action                   |  1- 3 |  4- 6 || total
-------------------------+-------+-------++-------
 Cast: Magic Dart        |    87 |    61 ||   148
       Searing Ray       |       |     6 ||     6
  Use: Scroll            |     1 |     2 ||     3
Armor: Leather armour    |     4 |     1 ||     5
Dodge: Dodged            |     5 |    10 ||    15

Table legend: (Time is in decaauts)
 A = Elapsed time spent in this place.
 B = Non-inter-level travel time spent in this place.
 C = Inter-level travel time spent in this place.
 D = Time resting spent in this place.
 E = Time spent auto-exploring this place.
 F = Levels seen in this place.
 G = Mean time per level.
                   A        B        C        D        E       F      G
               +--------+--------+--------+--------+--------+-----+--------+
         Total |   4640 |   4325 |    315 |    250 |   3636 |   8 |  580.0 |
       Dungeon |   4562 |   4271 |    291 |    250 |   3593 |   7 |  651.7 |
        Temple |     77 |     53 |     24 |      0 |     43 |   1 |   77.0 |
               +--------+--------+--------+--------+--------+-----+--------+

Top non-repeatable levels by time:
     D:3: 1268 daAuts
     D:2: 1255 daAuts
     D:1: 929 daAuts
     D:4: 564 daAuts
     D:5: 253 daAuts
     D:7: 174 daAuts
     D:6: 117 daAuts
  Temple: 77 daAuts
